[Event "1st Bangalore GM-Open-B 2024"]
[Site "Bangalore"]
[Date "2024.01.18"]
[Round "1.1"]
[White "Nayak, Biswajit"]
[Black "Sundar Divij P"]
[Result "1-0"]
[ECO "D02"]
[WhiteElo "1990"]
[BlackElo "1270"]
[Annotator "RC"]
[PlyCount "61"]
[EventDate "2024.01.20"]
[EventType "swiss"]
[EventCountry "IND"]
[SourceTitle "playchess.com"]
[Source "ChessBase"]
[SourceQuality "1"]
[TimeControl "3600+30"]

1. Nf3 d5 2. g3 Nf6 3. Bg2 e6 4. b3 c5 5. Bb2 Nc6 6. O-O Be7 7. e3 O-O 8. d4 b6 9. Nbd2 Bb7 10. Ne5 cxd4 11. exd4 Qc7 12. Nxc6 Bxc6 13. Rc1 Qd7 14. Nf3 Bb7 15. Ne5 Qd6 16. Qe2 a5 17. c4 Nd7 18. Rfd1 Rac8 19. Ba3 Qxa3 20. Nxd7 Rfe8 21. Nxb6 Rc6 22. c5 Rd8 23. Nxd5 Bf8 24. Ne3 Ba6 25. Nc4 Rc7 26. Qe5 Rxc5 27. dxc5 Rxd1+ 28. Rxd1 Qxa2 29. Rd8 Bxc4 30. Rxf8+ Kxf8 31. Qd6+ 1-0

[Event "1st Bangalore GM-Open-B 2024"]
[Site "Bangalore"]
[Date "2024.01.18"]
[Round "1.2"]
[White "Tejas Pai T"]
[Black "Manjunath, J.."]
[Result "1/2-1/2"]
[ECO "D45"]
[WhiteElo "1270"]
[BlackElo "1979"]
[Annotator "RC"]
[PlyCount "139"]
[EventDate "2024.01.20"]
[EventType "swiss"]
[EventCountry "IND"]
[SourceTitle "playchess.com"]
[Source "ChessBase"]
[SourceQuality "1"]
[TimeControl "3600+30"]

1. c4 e6 2. Nc3 d5 3. d4 Nf6 4. cxd5 exd5 5. Nf3 c6 6. e3 Bd6 7. Bd3 Nbd7 8. O-O O-O 9. Re1 Re8 10. b3 Ne4 11. Bb2 Ndf6 12. Qc2 Nxc3 13. Bxc3 Ne4 14. h3 Qf6 15. Bxe4 dxe4 16. Ne5 Bf5 17. Qe2 Qg5 18. f4 exf3 19. Nxf3 Qg3 20. Qf2 Be4 21. Ne5 Bxe5 22. dxe5 Qg6 23. Rad1 Rad8 24. Kh2 c5 25. Qg3 b6 26. Qxg6 hxg6 27. g4 Bf3 28. Rd6 Rxd6 29. exd6 Bc6 30. e4 f6 31. e5 Kf7 32. Kg3 Bd7 33. h4 f5 34. gxf5 gxf5 35. Kf4 Be6 36. Rd1 Rh8 37. Be1 Bd7 38. Rd2 Rh6 39. Rg2 Rg6 40. Rg5 Rh6 41. Rg2 Re6 42. Rg1 Re8 43. Rg2 Rh8 44. Rg1 c4 45. b4 c3 46. Rg2 Ba4 47. Bxc3 Rxh4+ 48. Kxf5 Bd7+ 49. Kg5 Rc4 50. Rg3 Re4 51. a3 Re2 52. Kf4 Ra2 53. Bd4 g6 54. Rc3 Ke6 55. Rg3 Kd5 56. Bg1 Bf5 57. Rg5 Ra1 58. Bh2 Ke6 59. Rg3 Rf1+ 60. Ke3 Re1+ 61. Kd4 Re2 62. Bg1 Re4+ 63. Kc3 Rxe5 64. Re3 Rxe3+ 65. Bxe3 Kxd6 66. Kd4 Ke6 67. a4 Bc2 68. a5 Kf5 69. axb6 axb6 70. b5 1/2-1/2

[Event "1st Bangalore GM-Open-B 2024"]
[Site "Bangalore"]
[Date "2024.01.18"]
[Round "1.3"]
[White "Samyak Dharewa"]
[Black "Aarya Satish Chikodi"]
[Result "1-0"]
[ECO "C70"]
[WhiteElo "1972"]
[BlackElo "1269"]
[Annotator "RC"]
[PlyCount "63"]
[EventDate "2024.01.20"]
[EventType "swiss"]
[EventCountry "IND"]
[SourceTitle "playchess.com"]
[Source "ChessBase"]
[SourceQuality "1"]
[TimeControl "3600+30"]

1. e4 e5 2. Nf3 Nc6 3. Bb5 Bc5 4. c3 a6 5. Ba4 Nge7 6. d4 exd4 7. cxd4 Bb4+ 8. Nc3 O-O 9. d5 Na7 10. O-O Ng6 11. Nd4 d6 12. f4 Bd7 13. Bxd7 Qxd7 14. f5 Ne5 15. f6 Bc5 16. fxg7 Rfe8 17. Rf5 Kxg7 18. Bg5 Rg8 19. Kh1 Kf8 20. Ne6+ Ke8 21. Nxc5 Qxf5 22. exf5 Rxg5 23. Nd3 Rxf5 24. Nxe5 Rxe5 25. Qf3 Kf8 26. Rf1 Re7 27. Ne4 Nb5 28. Qh5 Ke8 29. Qg5 Rxe4 30. Qg8+ Kd7 31. Rxf7+ Re7 32. Rxe7+ 1-0

[Event "1st Bangalore GM-Open-B 2024"]
[Site "Bangalore"]
[Date "2024.01.18"]
[Round "1.4"]
[White "Vinayak Tripathy"]
[Black "Nadkarni, Ishan"]
[Result "0-1"]
[ECO "C02"]
[WhiteElo "1269"]
[BlackElo "1968"]
[Annotator "RC"]
[PlyCount "82"]
[EventDate "2024.01.20"]
[EventType "swiss"]
[EventCountry "IND"]
[SourceTitle "playchess.com"]
[Source "ChessBase"]
[SourceQuality "1"]
[TimeControl "3600+30"]

1. e4 e6 2. d4 d5 3. e5 c5 4. c3 Nc6 5. Nf3 Bd7 6. Be3 Qb6 7. b3 cxd4 8. Nxd4 Nxe5 9. Qh5 Qc7 10. Bb5 g6 11. Qe2 Nc6 12. Nd2 a6 13. Nxc6 Bxc6 14. Bd4 Bxb5 15. c4 dxc4 16. bxc4 O-O-O 17. Bxh8 Bb4 18. cxb5 Rxd2 19. Qxd2 Bxd2+ 20. Kxd2 Qf4+ 21. Ke2 Qe4+ 22. Kd2 Qxg2 23. Rac1+ Kd7 24. Rhd1 Ne7 25. Be5 Qxf2+ 26. Kc3+ Nd5+ 27. Kb3 axb5 28. Rc7+ Ke8 29. Rc8+ Ke7 30. Bd4 Qf3+ 31. Kc2 Nb4+ 32. Kd2 Qd3+ 33. Ke1 Nc2+ 34. Rxc2 Qxc2 35. Rd2 Qe4+ 36. Kf2 e5 37. Bc5+ Ke6 38. Rd6+ Kf5 39. Be3 Qh4+ 40. Kg2 Qg4+ 41. Kh1 Qf3+ 0-1

[Event "1st Bangalore GM-Open-B 2024"]
[Site "Bangalore"]
[Date "2024.01.18"]
[Round "1.5"]
[White "Selvamurugan B"]
[Black "Rakesh Kumar Sinha"]
[Result "1-0"]
[ECO "A01"]
[WhiteElo "1920"]
[BlackElo "1268"]
[Annotator "RC"]
[PlyCount "163"]
[EventDate "2024.01.20"]
[EventType "swiss"]
[EventCountry "IND"]
[SourceTitle "playchess.com"]
[Source "ChessBase"]
[SourceQuality "1"]
[TimeControl "3600+30"]

1. b3 e5 2. Bb2 Nc6 3. e3 Nf6 4. Bb5 d6 5. Ne2 Be7 6. O-O O-O 7. d4 exd4 8. Bxc6 bxc6 9. Nxd4 Bb7 10. Qf3 Qd7 11. Nf5 Rab8 12. Qf4 Bc8 13. e4 Rb5 14. c4 Rxf5 15. exf5 Qxf5 16. Qxf5 Bxf5 17. Re1 Bd8 18. Nd2 d5 19. Rac1 Ne4 20. Nxe4 dxe4 21. Rcd1 Be7 22. Be5 Bb4 23. Re3 Bc5 24. Rg3 g6 25. Bxc7 Re8 26. Rd8 Rxd8 27. Bxd8 Kf8 28. Bf6 Ke8 29. Bc3 Kd7 30. b4 Bd6 31. Re3 Bf4 32. Re1 a6 33. h3 h5 34. a4 Kc8 35. b5 cxb5 36. cxb5 axb5 37. axb5 Kb7 38. Bd4 Bc7 39. Ra1 Bb6 40. Be3 Bd7 41. Rd1 Bxb5 42. Bxb6 Kxb6 43. Rd4 Bc6 44. h4 Kc5 45. Rd8 Bd5 46. Kh2 Kd4 47. Kg3 Ke5 48. Re8+ Kf5 49. Rb8 Ke5 50. Rb5 f6 51. Ra5 f5 52. Kh2 f4 53. g3 f3 54. Kg1 Kd4 55. Kf1 Be6 56. Ke1 Kd3 57. Ra3+ Kc2 58. Ra6 Bf5 59. Ra2+ Kb3 60. Ra6 Kc2 61. Rd6 Kc3 62. Kd1 Kc4 63. Kd2 Kc5 64. Rd8 Kc4 65. Ke3 Kc5 66. Rd4 Kc6 67. Rxe4 Bxe4 68. Kxe4 Kd6 69. Kxf3 Ke5 70. g4 hxg4+ 71. Kxg4 Kf6 72. Kf4 Kf7 73. Kg5 Kg7 74. f3 Kf7 75. Kh6 Kf6 76. f4 Kf7 77. Kh7 Kf6 78. Kg8 Ke6 79. Kg7 Kf5 80. Kf7 Kxf4 81. Kxg6 Kg4 82. h5 1-0

[Event "1st Bangalore GM-Open-B 2024"]
[Site "Bangalore"]
[Date "2024.01.18"]
[Round "2.1"]
[White "Gagan Sahu"]
[Black "Nayak, Biswajit"]
[Result "0-1"]
[ECO "C02"]
[WhiteElo "1412"]
[BlackElo "1990"]
[Annotator "RC"]
[PlyCount "102"]
[EventDate "2024.01.20"]
[EventType "swiss"]
[EventCountry "IND"]
[SourceTitle "playchess.com"]
[Source "ChessBase"]
[SourceQuality "1"]
[TimeControl "3600+30"]

1. e4 e6 2. d4 d5 3. e5 c5 4. c3 Qb6 5. Nf3 Bd7 6. Be2 Bb5 7. Bxb5+ Qxb5 8. a3 Nc6 9. b4 cxd4 10. cxd4 Nh6 11. Bb2 Be7 12. Nc3 Qc4 13. Rc1 O-O 14. Na4 Qa6 15. Nc5 Bxc5 16. Rxc5 Qb6 17. O-O f6 18. Qd3 Qd8 19. Re1 fxe5 20. dxe5 Nf5 21. Bc1 h6 22. Bd2 Rc8 23. a4 Qe7 24. Rec1 Nh4 25. Nxh4 Qxh4 26. Qg3 Qh5 27. h3 Nd4 28. Qe3 Ne2+ 29. Kh2 Nxc1 30. Bxc1 Rxc5 31. bxc5 Qd1 32. Ba3 Rf7 33. a5 Qa4 34. Bc1 Qc2 35. Bd2 Qe4 36. Qxe4 dxe4 37. Kg3 Rf5 38. Bc3 a6 39. f4 g5 40. fxg5 hxg5 41. Bd4 Kf7 42. h4 Kg6 43. hxg5 Kxg5 44. Be3+ Kg6 45. Kg4 Rxe5 46. Kf4 Rg5 47. g3 Kf6 48. g4 e5+ 49. Kxe4 Rxg4+ 50. Kd5 Ra4 51. Bc1 Rd4# 0-1

[Event "1st Bangalore GM-Open-B 2024"]
[Site "Bangalore"]
[Date "2024.01.18"]
[Round "2.2"]
[White "Parthasarathy A G"]
[Black "Samyak Dharewa"]
[Result "0-1"]
[ECO "B41"]
[WhiteElo "1409"]
[BlackElo "1972"]
[Annotator "RC"]
[PlyCount "134"]
[EventDate "2024.01.20"]
[EventType "swiss"]
[EventCountry "IND"]
[SourceTitle "playchess.com"]
[Source "ChessBase"]
[SourceQuality "1"]
[TimeControl "3600+30"]

1. e4 c5 2. Nf3 e6 3. d4 cxd4 4. Nxd4 a6 5. Be2 Nf6 6. Bf3 e5 7. Nb3 d6 8. O-O Be7 9. Nc3 O-O 10. Bg5 Nc6 11. Bxf6 Bxf6 12. Nd5 Bg5 13. Bg4 Be6 14. f4 exf4 15. Nxf4 Bxf4 16. Rxf4 Qg5 17. g3 Ne5 18. Be2 Ng6 19. Rf2 Qe5 20. Qd4 Rac8 21. c3 Rfd8 22. Rd1 f6 23. Bf3 Bxb3 24. axb3 Qxd4 25. Rxd4 Ne5 26. Kg2 Kf8 27. Rfd2 Ke7 28. h3 Rc6 29. Be2 b5 30. Bf3 Rh8 31. Be2 h5 32. Bf3 h4 33. Bg4 hxg3 34. Kxg3 Ra8 35. Be2 Rh8 36. Bg4 Rb6 37. Be2 Nf7 38. Rb4 Ne5 39. Rbd4 Nf7 40. Rb4 Rbb8 41. Rbd4 Rhd8 42. Bg4 Ne5 43. Be2 Rb6 44. Bg4 Rc6 45. Be2 Rc5 46. Bg4 Nc6 47. b4 Nxd4 48. bxc5 Nb3 49. cxd6+ Rxd6 50. Re2 Nc1 51. Rc2 Nd3 52. Rd2 Nc5 53. Re2 Nd3 54. Rd2 Ne5 55. Rxd6 Kxd6 56. b3 a5 57. Be2 a4 58. bxa4 bxa4 59. Bd1 a3 60. Bb3 Nd3 61. Kg4 Ke5 62. Kh5 Nf4+ 63. Kg4 Kxe4 64. c4 Nd3 65. Kh5 f5 66. Kg6 f4 67. Kxg7 f3 0-1

[Event "1st Bangalore GM-Open-B 2024"]
[Site "Bangalore"]
[Date "2024.01.18"]
[Round "2.3"]
[White "Nadkarni, Ishan"]
[Black "Vashishtha Ankesh"]
[Result "1-0"]
[ECO "B22"]
[WhiteElo "1968"]
[BlackElo "1412"]
[Annotator "RC"]
[PlyCount "97"]
[EventDate "2024.01.20"]
[EventType "swiss"]
[EventCountry "IND"]
[SourceTitle "playchess.com"]
[Source "ChessBase"]
[SourceQuality "1"]
[TimeControl "3600+30"]

1. e4 c5 2. Nf3 Nc6 3. c3 Nf6 4. e5 Nd5 5. Bc4 Nb6 6. Bb3 d6 7. exd6 Qxd6 8. O-O g6 9. d4 cxd4 10. Ng5 e6 11. Qf3 Ne5 12. Qf6 Rg8 13. Ne4 Qc7 14. Bf4 Bg7 15. Qg5 Qe7 16. Qg3 f6 17. cxd4 Nf7 18. Nd6+ Kf8 19. Nxf7 Kxf7 20. Bd6 Qd8 21. Re1 Re8 22. Nc3 Bd7 23. Bc7 Qc8 24. Ne4 Bf8 25. Qf4 Be7 26. Rac1 Nd5 27. Bxd5 exd5 28. Bd6 Qd8 29. Bxe7 Rxe7 30. Nd6+ Kg8 31. Nxb7 Qf8 32. Nc5 Rae8 33. Rxe7 Qxe7 34. h3 Bf5 35. g4 Bc8 36. Qf3 Qd6 37. Kg2 f5 38. g5 f4 39. Nd3 Rf8 40. Ne5 Bf5 41. Qc3 f3+ 42. Kg3 Rc8 43. Qd2 Re8 44. Qf4 Rf8 45. Qe3 Qe6 46. Rc6 Qe7 47. h4 Qb4 48. Ng4 Qb5 49. Nh6+ 1-0

[Event "1st Bangalore GM-Open-B 2024"]
[Site "Bangalore"]
[Date "2024.01.18"]
[Round "2.4"]
[White "Adrij Bhattacharyya"]
[Black "Selvamurugan B"]
[Result "0-1"]
[ECO "D01"]
[WhiteElo "1405"]
[BlackElo "1920"]
[Annotator "RC"]
[PlyCount "86"]
[EventDate "2024.01.20"]
[EventType "swiss"]
[EventCountry "IND"]
[SourceTitle "playchess.com"]
[Source "ChessBase"]
[SourceQuality "1"]
[TimeControl "3600+30"]

1. d4 Nf6 2. Bf4 g6 3. Nc3 d5 4. Qd2 Bg7 5. Bh6 O-O 6. Bxg7 Kxg7 7. e3 a5 8. Nf3 a4 9. a3 c6 10. Bd3 Nbd7 11. O-O Qc7 12. Rfe1 e5 13. Nxe5 Nxe5 14. dxe5 Qxe5 15. e4 Ng4 16. g3 d4 17. Nd1 Qh5 18. f4 c5 19. Qg2 Rd8 20. h3 Nf6 21. Nf2 Rb8 22. g4 Qh4 23. Bb5 b6 24. Bc6 Bd7 25. Bxd7 Nxd7 26. e5 c4 27. Ne4 Nc5 28. Nd6 d3 29. cxd3 cxd3 30. Re3 Qe7 31. g5 Rxd6 32. exd6 Qxe3+ 33. Kh1 d2 34. Rf1 Re8 35. f5 Qe1 36. Qf3 Qxf1+ 37. Qxf1 Re1 38. Qxe1 dxe1=Q+ 39. Kg2 Qe2+ 40. Kg1 Ne4 41. f6+ Kf8 42. d7 Qf2+ 43. Kh1 Ng3# 0-1

[Event "1st Bangalore GM-Open-B 2024"]
[Site "Bangalore"]
[Date "2024.01.18"]
[Round "2.5"]
[White "Parigyan Chakraborty"]
[Black "Nigash G"]
[Result "0-1"]
[ECO "B34"]
[WhiteElo "1404"]
[BlackElo "1887"]
[Annotator "NA RC"]
[PlyCount "100"]
[EventDate "2024.01.20"]
[EventType "swiss"]
[EventCountry "IND"]
[SourceTitle "playchess.com"]
[Source "ChessBase"]
[SourceQuality "1"]
[TimeControl "3600+30"]

1. e4 c5 2. Nf3 Nc6 3. d4 cxd4 4. Nxd4 g6 5. Nc3 Bg7 6. Be3 Nf6 7. Nxc6 bxc6 8. e5 Ng8 9. f4 Nh6 10. Be2 Nf5 11. Bf2 d6 12. Bf3 Qc7 13. g4 Nh6 14. exd6 exd6 15. O-O O-O 16. Nb5 cxb5 17. Bxa8 Bxg4 18. Bf3 Bxf3 19. Qxf3 Qxc2 20. Qd1 Qxb2 21. Qxd6 Ng4 22. Rab1 Qxa2 23. Rxb5 Qe2 24. Rb8 Nxh2 25. Rfb1 Nf3+ 26. Kg2 Nd2 27. Rxf8+ Bxf8 28. Rb8 Qf1+ 29. Kh2 Qxf2+ 30. Kh1 Qe1+ 31. Kg2 Qe4+ 32. Kh2 Qe2+ 33. Kh1 Qh5+ 34. Kg2 Qh6 35. Qxd2 Qg7 36. Qd8 h5 37. Ra8 Qb2+ 38. Kh3 Qa3+ 39. Kg2 Qc5 40. Rc8 Qb4 41. Ra8 Kg7 42. Rb8 Qd6 43. Qe8 Qe7 44. Qc8 Qe4+ 45. Kg3 h4+ 46. Kh2 Qxf4+ 47. Kg2 h3+ 48. Kxh3 Qf3+ 49. Kh2 Bd6+ 50. Kg1 Qg3+ 0-1

[Event "1st Bangalore GM-Open-B 2024"]
[Site "Bangalore"]
[Date "2024.01.19"]
[Round "3.1"]
[White "Nayak, Biswajit"]
[Black "Shubh Kapur"]
[Result "0-1"]
[ECO "A13"]
[WhiteElo "1990"]
[BlackElo "1519"]
[Annotator "NA RC"]
[PlyCount "110"]
[EventDate "2024.01.20"]
[EventType "swiss"]
[EventCountry "IND"]
[SourceTitle "playchess.com"]
[Source "ChessBase"]
[SourceQuality "1"]
[TimeControl "3600+30"]

1. Nf3 Nf6 2. c4 e6 3. b3 d5 4. Bb2 Bd6 5. e3 O-O 6. Be2 b6 7. O-O Bb7 8. Nc3 Nbd7 9. Rc1 c5 10. d4 cxd4 11. Nxd4 Qe7 12. Bf3 Ne5 13. cxd5 Nxf3+ 14. Qxf3 Nxd5 15. Nxd5 Bxd5 16. e4 Qh4 17. Rfe1 Qxh2+ 18. Kf1 Bb7 19. Qd3 Rad8 20. Nf3 Bb4 21. Qxd8 Ba6+ 22. Rc4 Bxc4+ 23. bxc4 Qh1+ 24. Ke2 Qxe1+ 25. Nxe1 Rxd8 26. Nd3 Bc5 27. Nxc5 bxc5 28. f4 f6 29. g4 Kf7 30. Ke3 a6 31. Ba3 Rd4 32. Bxc5 Rxc4 33. Bd6 Rc3+ 34. Kd4 Rg3 35. a4 Rxg4 36. Kc5 h5 37. Kb6 h4 38. f5 e5 39. Kxa6 h3 40. Kb7 h2 41. a5 h1=Q 42. a6 Rxe4 43. Bb8 Rb4+ 44. Ka7 Qg1+ 45. Ka8 Qg2+ 46. Ka7 Qf2+ 47. Ka8 Qf3+ 48. Ka7 Qe3+ 49. Ka8 Qe4+ 50. Ka7 Qd4+ 51. Ka8 Qd5+ 52. Ka7 Qc5+ 53. Ka8 Qc6+ 54. Ka7 Qb6+ 55. Ka8 Qxb8# 0-1

[Event "1st Bangalore GM-Open-B 2024"]
[Site "Bangalore"]
[Date "2024.01.19"]
[Round "3.2"]
[White "Samyak Dharewa"]
[Black "Vivaan Sachdev"]
[Result "1-0"]
[ECO "C00"]
[WhiteElo "1972"]
[BlackElo "1516"]
[Annotator "NA RC"]
[PlyCount "64"]
[EventDate "2024.01.20"]
[EventType "swiss"]
[EventCountry "IND"]
[SourceTitle "playchess.com"]
[Source "ChessBase"]
[SourceQuality "1"]
[TimeControl "3600+30"]

1. e4 e6 2. Nf3 d5 3. Nc3 d4 4. Ne2 c5 5. c3 Nf6 6. e5 Nfd7 7. cxd4 cxd4 8. Nexd4 Nxe5 9. Bb5+ Nec6 10. Nc2 Bd7 11. Bc4 Nb4 12. Ne3 Bc6 13. d4 Nd5 14. O-O Be7 15. Ne5 Nb6 16. Bxe6 fxe6 17. Qh5+ g6 18. Nxg6 Kd7 19. Ne5+ Kc8 20. Qh3 Qg8 21. f4 N8d7 22. Nxc6 bxc6 23. f5 exf5 24. Nxf5 Bf6 25. Bf4 Qd5 26. Be5 Kd8 27. Ne3 Qf7 28. Ng4 Nd5 29. Nxf6 N5xf6 30. Bxf6+ Nxf6 31. Qf3 Rf8 32. Qxc6 Rc8 1-0

[Event "1st Bangalore GM-Open-B 2024"]
[Site "Bangalore"]
[Date "2024.01.19"]
[Round "3.3"]
[White "Abeer Nandrajog"]
[Black "Nadkarni, Ishan"]
[Result "1-0"]
[ECO "C01"]
[WhiteElo "1506"]
[BlackElo "1968"]
[Annotator "NA RC"]
[PlyCount "139"]
[EventDate "2024.01.20"]
[EventType "swiss"]
[EventCountry "IND"]
[SourceTitle "playchess.com"]
[Source "ChessBase"]
[SourceQuality "1"]
[TimeControl "3600+30"]

1. e4 e6 2. d4 d5 3. Nc3 Bb4 4. exd5 exd5 5. Bd3 Nc6 6. Be3 Nge7 7. Qf3 Be6 8. Nge2 Qd7 9. h3 Nf5 10. g4 Nxe3 11. fxe3 O-O-O 12. a3 Ba5 13. b4 Bb6 14. O-O-O Ne7 15. Kb2 f5 16. g5 Kb8 17. Nf4 c6 18. Na4 Qd6 19. Nc5 Bc8 20. h4 g6 21. c3 Bc7 22. a4 b6 23. Nb3 Bd7 24. Ra1 Kb7 25. Qe2 Nc8 26. a5 b5 27. Nc5+ Ka8 28. Qg2 Qe7 29. Nxd5 Qd6 30. Nf6 Be6 31. Bxb5 Ne7 32. Ba4 Nd5 33. Nxe6 Qxe6 34. Nxd5 cxd5 35. Rhe1 Rd6 36. Bb3 Kb8 37. Qe2 Re8 38. Qb5+ Ka8 39. c4 Rb8 40. cxd5 Rxb5 41. dxe6 Rxb4 42. e7 Rb8 43. e4 f4 44. Kc3 Re8 45. Bd5+ Kb8 46. Rab1+ Kc8 47. Bb7+ Kd7 48. e5 Bxa5+ 49. Kc4 Re6 50. Re4 R6xe7 51. Rxf4 Kc7 52. Rf6 Bb6 53. Bg2 Rd8 54. Rc6+ Kb8 55. Rbxb6+ axb6 56. Rxb6+ Ka7 57. Rc6 Kb8 58. Kc5 Rc7 59. d5 Rxc6+ 60. Kxc6 Rf8 61. e6 Rc8+ 62. Kd6 Rd8+ 63. Ke5 Kc7 64. e7 Rb8 65. d6+ Kd7 66. Bh3+ Ke8 67. Ke6 Rb6 68. Bf1 h5 69. Bb5+ Rxb5 70. d7# 1-0

[Event "1st Bangalore GM-Open-B 2024"]
[Site "Bangalore"]
[Date "2024.01.19"]
[Round "3.4"]
[White "Selvamurugan B"]
[Black "Vaidyanathan, Kannan"]
[Result "1-0"]
[ECO "A11"]
[WhiteElo "1920"]
[BlackElo "1512"]
[Annotator "NA RC"]
[PlyCount "153"]
[EventDate "2024.01.20"]
[EventType "swiss"]
[EventCountry "IND"]
[SourceTitle "playchess.com"]
[Source "ChessBase"]
[SourceQuality "1"]
[TimeControl "3600+30"]

1. b3 d5 2. Bb2 Nf6 3. e3 g6 4. c4 c6 5. cxd5 cxd5 6. Bb5+ Bd7 7. Bxd7+ Nbxd7 8. Nc3 Nc5 9. Qe2 a6 10. Nf3 Bg7 11. Rc1 O-O 12. O-O Nfe4 13. d3 Nxc3 14. Bxc3 b6 15. Bxg7 Kxg7 16. Rc3 f6 17. Rfc1 Qd7 18. h3 Rfc8 19. Qc2 Re8 20. d4 Ne6 21. Ne1 Ra7 22. Nd3 Rb8 23. Nb2 Rbb7 24. Na4 b5 25. Nc5 Nxc5 26. Rxc5 Kf7 27. Rc6 b4 28. h4 a5 29. h5 Kg7 30. hxg6 hxg6 31. g3 Ra8 32. Qe2 a4 33. Qf3 axb3 34. axb3 Ra1 35. Kg2 Rxc1 36. Rxc1 Rb8 37. Rc5 Rd8 38. g4 Qd6 39. Qg3 e5 40. Rb5 Rb8 41. Rxb8 Qxb8 42. g5 Qd6 43. gxf6+ Kxf6 44. Qh4+ Kf5 45. dxe5 Qxe5 46. Qxb4 g5 47. Kf3 Qh2 48. Qf8+ Kg6 49. Qe8+ Kf6 50. Ke2 Qd6 51. Qh8+ Kg6 52. Qd4 Qc6 53. Qd3+ Kf6 54. b4 Qe6 55. Qd4+ Kf7 56. b5 Qd6 57. Qa7+ Kf8 58. b6 Qc5 59. Qb8+ Ke7 60. Qc7+ Qxc7 61. bxc7 Kd7 62. Kf3 Kxc7 63. Kg4 Kd6 64. Kxg5 Ke5 65. f4+ Ke4 66. f5 Kxe3 67. f6 d4 68. f7 d3 69. f8=Q d2 70. Qf1 Kd4 71. Kf4 Kc3 72. Ke3 Kc2 73. Qd3+ Kc1 74. Qxd2+ Kb1 75. Kd3 Ka1 76. Kc3 Kb1 77. Qb2# 1-0

[Event "1st Bangalore GM-Open-B 2024"]
[Site "Bangalore"]
[Date "2024.01.19"]
[Round "3.5"]
[White "Nigash G"]
[Black "Ananya Raman"]
[Result "1-0"]
[ECO "E60"]
[WhiteElo "1887"]
[BlackElo "1505"]
[Annotator "NA RC"]
[PlyCount "99"]
[EventDate "2024.01.20"]
[EventType "swiss"]
[EventCountry "IND"]
[SourceTitle "playchess.com"]
[Source "ChessBase"]
[SourceQuality "1"]
[TimeControl "3600+30"]

1. Nf3 Nf6 2. g3 g6 3. b3 Bg7 4. Bb2 O-O 5. Bg2 d6 6. d4 Nbd7 7. O-O e5 8. dxe5 Ng4 9. Qd2 Ngxe5 10. Nxe5 Nxe5 11. c4 Rb8 12. f4 Nd7 13. Nc3 a6 14. Nd5 f5 15. e4 fxe4 16. Bxe4 Nf6 17. Rfe1 Bg4 18. Bg2 c6 19. Ne3 Bf5 20. Nxf5 gxf5 21. Rad1 Qb6+ 22. Bd4 Qc7 23. Qd3 Ne8 24. Bf2 Rd8 25. Re6 Qa5 26. Re7 Rb8 27. a4 Bf6 28. Rd7 Rf7 29. Rxf7 Kxf7 30. Bh3 Ng7 31. c5 dxc5 32. Bxf5 Qc3 33. Qxc3 Bxc3 34. Bxh7 Ne6 35. Rd3 Bd4 36. f5 Bxf2+ 37. Kxf2 Nd4 38. h4 Rh8 39. Bg6+ Kf6 40. Rc3 a5 41. Rxc5 Nxb3 42. Rc4 Rd8 43. g4 Rd4 44. g5+ Kg7 45. Rc3 Nd2 46. Ke3 Rd7 47. h5 Nf1+ 48. Kf2 Nd2 49. Re3 Rd8 50. f6+ 1-0

[Event "1st Bangalore GM-Open-B 2024"]
[Site "Bangalore"]
[Date "2024.01.19"]
[Round "4.1"]
[White "Bhuvan Krishna Prasanth"]
[Black "Samyak Dharewa"]
[Result "1-0"]
[ECO "B40"]
[WhiteElo "1595"]
[BlackElo "1972"]
[Annotator "NA RC"]
[PlyCount "47"]
[EventDate "2024.01.20"]
[EventType "swiss"]
[EventCountry "IND"]
[SourceTitle "playchess.com"]
[Source "ChessBase"]
[SourceQuality "1"]
[TimeControl "3600+30"]

1. e4 c5 2. Nf3 e6 3. c4 Nc6 4. d4 cxd4 5. Nxd4 Nf6 6. Nxc6 bxc6 7. Bd3 d5 8. cxd5 cxd5 9. exd5 Nxd5 10. O-O Bd6 11. Nd2 O-O 12. Nf3 Bb7 13. b3 f5 14. Bb2 Nf4 15. Bc4 Nxg2 16. Bxe6+ Kh8 17. Kxg2 Be4 18. Rg1 Qh4 19. Qxd6 Bxf3+ 20. Kf1 Bg4 21. Rg3 Rae8 22. Kg1 Re7 23. Bxf5 Bxf5 24. Bxg7+ 1-0

[Event "1st Bangalore GM-Open-B 2024"]
[Site "Bangalore"]
[Date "2024.01.19"]
[Round "4.2"]
[White "Akshaya Sathi"]
[Black "Selvamurugan B"]
[Result "0-1"]
[ECO "B15"]
[WhiteElo "1579"]
[BlackElo "1920"]
[Annotator "NA RC"]
[PlyCount "174"]
[EventDate "2024.01.20"]
[EventType "swiss"]
[EventCountry "IND"]
[SourceTitle "playchess.com"]
[Source "ChessBase"]
[SourceQuality "1"]
[TimeControl "3600+30"]

1. e4 g6 2. d4 Bg7 3. Nc3 c6 4. Be3 d5 5. Qd2 Nf6 6. e5 Ng4 7. Bg5 h6 8. Bh4 h5 9. h3 Nh6 10. O-O-O a5 11. Nf3 a4 12. Bd3 a3 13. b3 Bf5 14. Rhe1 Qa5 15. Bg5 Bxd3 16. Qxd3 e6 17. Nh4 Nf5 18. Nxf5 gxf5 19. g4 f4 20. Bxf4 Nd7 21. Bg5 Bh6 22. Bxh6 Rxh6 23. g5 Rg6 24. h4 O-O-O 25. Ne2 Rh8 26. Qf3 Rg7 27. Nf4 Nf8 28. Re3 Qb4 29. c3 Qe7 30. Kc2 Ng6 31. Nxg6 fxg6 32. Qf6 Rf8 33. Qxe7 Rxe7 34. Re2 Ref7 35. Rf1 Rf4 36. Rh1 Rxf2 37. Rh2 Rf1 38. b4 R8f3 39. Rd2 Kc7 40. Rd3 Rf4 41. Kb3 Rb1+ 42. Kxa3 Rf8 43. Rb2 Rh1 44. Rdd2 Rxh4 45. Rh2 Rhf4 46. Kb3 R8f5 47. Rbg2 Rf3 48. a4 R5f4 49. Kc2 Kb6 50. Kd2 Ka6 51. Kc2 b6 52. Kd2 Kb7 53. Kc2 c5 54. Rd2 cxb4 55. cxb4 Ra3 56. a5 bxa5 57. bxa5 Rxa5 58. Kc3 Ra4 59. Rhf2 Raxd4 60. Rxd4 Rxf2 61. Kb4 Kc6 62. Rd1 Rf4+ 63. Kc3 Rf5 64. Kd4 Rxg5 65. Rc1+ Kd7 66. Ra1 Rg4+ 67. Kc5 Rc4+ 68. Kb5 Re4 69. Ra7+ Ke8 70. Rg7 Rxe5 71. Rxg6 Kf7 72. Rg1 h4 73. Kc5 h3 74. Kd4 Re4+ 75. Kd3 h2 76. Rh1 Rh4 77. Ke3 e5 78. Rf1+ Ke6 79. Rh1 d4+ 80. Kd3 Kd5 81. Kd2 e4 82. Ke2 e3 83. Kd3 Ke5 84. Ke2 Ke4 85. Ke1 d3 86. Kf1 Kf3 87. Ke1 Ra4 0-1

[Event "1st Bangalore GM-Open-B 2024"]
[Site "Bangalore"]
[Date "2024.01.19"]
[Round "4.3"]
[White "Niranjan, Mocharla"]
[Black "Nigash G"]
[Result "1-0"]
[ECO "D02"]
[WhiteElo "1572"]
[BlackElo "1887"]
[Annotator "NA RC"]
[PlyCount "77"]
[EventDate "2024.01.20"]
[EventType "swiss"]
[EventCountry "IND"]
[SourceTitle "playchess.com"]
[Source "ChessBase"]
[SourceQuality "1"]
[TimeControl "3600+30"]

1. d4 d5 2. Nf3 Bf5 3. e3 e6 4. Be2 Bd6 5. Nbd2 Nd7 6. c4 c6 7. b3 Ne7 8. Nh4 Bg6 9. Nxg6 hxg6 10. h3 Nf5 11. Nf3 Nf6 12. c5 Bc7 13. b4 Ne4 14. Bd3 Nfg3 15. Rg1 Nf5 16. Qc2 Nf6 17. Bb2 Ne7 18. Ne5 Bxe5 19. dxe5 Nd7 20. Bd4 b6 21. Rb1 b5 22. a4 a6 23. Ra1 O-O 24. g4 Qc7 25. f4 Rfb8 26. a5 Kf8 27. h4 Ke8 28. h5 Nf8 29. Qh2 Kd7 30. Ke2 Re8 31. Raf1 gxh5 32. gxh5 g6 33. Qh4 gxh5 34. Rg7 Neg6 35. Qxh5 Re7 36. f5 exf5 37. Bxf5+ Ke8 38. Rg8 Nxe5 39. Rxf8+ 1-0